 Dungeon Crawl Stone Soup version 0.17-a0-1570-g74b7129 (webtiles) character file.

1842 tt080 the Grappler (level 8, -1/74 HPs)
             Began as a Troll Fighter on July 23, 2015.
             Slain by an orc wizard
             ... wielding a +0 dagger of electrocution
              (12 damage)
             ... on level 7 of the Dungeon.
             The game lasted 00:11:15 (4941 turns).

tt080 the Grappler (Troll Fighter)                  Turns: 4941, Time: 00:11:16

Health: -1/74      AC:  6    Str: 25    XL:     8   Next: 87%
Magic:  7/7        EV:  9    Int:  5    God:
Gold:   408        SH: 10    Dex: 10    Spells: 0 memorised, 7 levels left

rFire  + . .     SeeInvis .       - Unarmed
rCold  . . .     Clarity  .     a - +0 robe
rNeg   . . .     SustAt   .     b - +0 shield
rPois  .         Gourm    +     (helmet restricted)
rElec  .         Spirit   .     f - +0 cloak
rCorr  .         Warding  .     (gloves unavailable)
rMut   .         Stasis   .     (boots unavailable)
MR     .....                    (no amulet)
Stlth  ++........               o - ring of stealth
                                j - ring of protection from fire

@: slowed, very slow, not resistant to hostile enchantments, unstealthy
A: unfitting armour, claws 3, fast metabolism 3, gourmand, regeneration 2,
shaggy fur 1, tough skin 2
a: no special abilities


You were on level 7 of the Dungeon.
You were not hungry.

You visited 1 branch of the dungeon, and saw 7 of its levels.

You collected 408 gold pieces.

Inventory:

Missiles
 m - 53 stones (quivered)
Armour
 a - a +0 robe (worn)
 b - a +0 shield (worn)
 f - a +0 cloak (worn)
Jewellery
 j - a ring of protection from fire (left claw)
 o - a ring of stealth (right claw)
Magical devices
 x - a wand of frost (29)
 E - a wand of draining (5)
 F - a wand of polymorph (17)
Scrolls
 e - a scroll of immolation
 h - 3 scrolls of remove curse
 k - a scroll of teleportation
 s - 2 scrolls of enchant armour
 u - a scroll of fear
 v - a scroll of magic mapping
 y - 2 scrolls of recharging {unknown}
 B - a scroll of amnesia {unknown}
 D - a scroll of noise {unknown}
 H - a scroll of identify
Potions
 c - a potion of might
 i - a potion of heal wounds {unknown}
 l - 6 potions of curing
 n - 4 potions of flight
 r - 2 potions of brilliance
 t - a potion of lignification
 w - 2 potions of poison
 A - 3 potions of agility
 C - a potion of magic {unknown}
 G - a potion of beneficial mutation {unknown}
Comestibles
 d - 7 bread rations
 g - a slice of pizza
 p - a beef jerky
 q - 5 fruits
 z - a meat ration
 I - a chunk of flesh


   Skills:
 - Level 2.4 Fighting
 - Level 2.4 Dodging
 + Level 6.0 Shields
 * Level 9.7 Unarmed Combat


You had 7 spell levels left.
You didn't know any spells.

Dungeon Overview and Level Annotations

Branches:
Dungeon (7/15)
 Temple: D:4-7

Altars:
Cheibriados
Fedhas
Gozag
Trog

Shops:
D:4 }


Innate Abilities, Weirdness & Mutations

You are too large for most types of armour.
You have claws for hands.
Your metabolism is lightning-fast.
You like to eat raw meat.
You heal very quickly.
You are covered in fur (AC +1).
You have very tough skin (AC +2).


Message History

The orc wizard gestures wildly while chanting.
The orc wizard blinks!
The orc priest casts a cantrip, but nothing happens.
Unknown command.
You claw something! Something hits you but does no damage.
You are electrocuted!
* * * LOW HITPOINT WARNING * * *
You scratch the orc priest.
The orc priest begins to bleed from its wounds!
The orc priest is lightly wounded.
The orc wizard points at you and mumbles some strange words.
You feel yourself slow down. Something hits you.
* * * LOW HITPOINT WARNING * * *
You block the orc priest's attack.
Your shield prevents you from hitting the orc priest.
The orc priest is lightly wounded.
Something hits you.
* * * LOW HITPOINT WARNING * * *
You are electrocuted!
You die...

#.......#
#.#..##.###########
#...?...##........#
####...##.......#.#
#....o.....##..#.#
#.>............#.#
#................#
###...##.........#####
#...###@o..........#
#.### ##$####.####.#
#.# #.)....# ##.## #>#
##########...#### #.#
########.......# #.#
#.....##.......# #.#
#.....##..##.#.#
#............<..
#.....###..#.#.#


You could see an orc priest (bleeding) and an orc wizard.

Vanquished Creatures
  Eustachio (D:6)
  Duvessa (D:6)
  2 phantoms
  A black bear (D:6)
  3 ogres
  A sky beast (D:7)
  Blork the orc (D:4)
  A giant frog (D:6)
  Dowan (D:6)
  A jelly (D:5)
  6 orc priests
  A giant frog skeleton (D:5)
  5 orc wizards
  A centaur skeleton (D:6)
  A hound (D:6)
  3 iguanas
  4 worker ants
  A killer bee zombie (D:5)
  2 adders
  3 gnolls (D:2)
  2 worms
  3 giant geckos
  16 orcs
  2 ball pythons
  9 bats
  A bat skeleton (D:5)
  11 goblins
  7 hobgoblins
  5 jackals
  6 quokkas
  A ball python skeleton (D:4)
  3 giant cockroaches
  A giant gecko skeleton (D:5)
  6 giant newts
  12 kobolds
  19 rats
144 creatures vanquished.

Notes
Turn   | Place    | Note
--------------------------------------------------------------
     0 | D:1      | tt080 the Troll Fighter began the quest for the Orb.
     0 | D:1      | Reached XP level 1. HP: 22/22 MP: 0/0
   181 | D:1      | Reached XP level 2. HP: 29/29 MP: 1/1
   679 | D:2      | Reached skill level 3 in Unarmed Combat
   946 | D:2      | Reached XP level 3. HP: 36/36 MP: 2/2
   967 | D:2      | Found a faded altar to an unknown god.
  1087 | D:2      | Reached XP level 4. HP: 42/44 MP: 3/3
  1297 | D:2      | Reached skill level 4 in Unarmed Combat
  2118 | D:4      | Noticed an ogre
  2129 | D:4      | Killed an ogre
  2129 | D:4      | Reached XP level 5. HP: 34/50 MP: 4/4
  2255 | D:4      | Reached skill level 5 in Unarmed Combat
  2286 | D:4      | Noticed an ogre
  2292 | D:4      | Killed an ogre
  2292 | D:4      | Reached XP level 6. HP: 59/59 MP: 5/5
  2502 | D:4      | Noticed a moth of wrath
  2502 | D:4      | Noticed Blork the orc
  2521 | D:4      | Killed Blork the orc
  2541 | D:4      | Found a bloodstained altar of Trog.
  2560 | D:4      | Found Fegeuroe's Gadget Shop.
  2686 | D:4      | Found a blossoming altar of Fedhas.
  2740 | D:4      | Reached skill level 6 in Unarmed Combat
  3117 | D:5      | Entered Level 5 of the Dungeon
  3197 | D:5      | Reached XP level 7. HP: 66/66 MP: 6/6
  3395 | D:5      | Reached skill level 7 in Unarmed Combat
  4177 | D:6      | Reached XP level 8. HP: 60/74 MP: 7/7
  4193 | D:6      | Reached skill level 5 in Shields
  4193 | D:6      | Reached skill level 8 in Unarmed Combat
  4231 | D:6      | Found a snail-covered altar of Cheibriados.
  4238 | D:6      | Found an opulent altar of Gozag.
  4351 | D:6      | Noticed Eustachio
  4372 | D:6      | Killed Eustachio
  4415 | D:6      | Reached skill level 9 in Unarmed Combat
  4636 | D:6      | Noticed Dowan
  4639 | D:6      | Noticed Duvessa
  4648 | D:6      | Killed Duvessa
  4650 | D:6      | Killed Dowan
  4941 | D:7      | Slain by an orc wizard

Vault maps used:
D:1:      dpeg_arrival_water_altar, minmay_misc_feat_square, minmay_unequal
D:2:      ecumenical_altar_1, minmay_misc_feat_cross
D:3:      st_stairs_14
D:4:      tgw_trog, lemuel_doored_altar, serial_shops, shop, uniq_blork_the_orc
D:5:      first_bread, serial_bayou_lagoon_b
D:6:      kennysheep_little_box, basic_altar, uniq_eustachio, uniq_duvessa
D:7:      grunt_temple_overflow_open, elyvilon_altar_3, temple_hall,
          uniq_joseph, uniq_prince_ribbit1

Action                   |  1- 3 |  4- 6 |  7- 9 || total
-------------------------+-------+-------+-------++-------
Melee: Unarmed           |    94 |   146 |   186 ||   426
Throw: Stone             |       |    26 |    23 ||    49
  Use: Scroll            |       |       |    12 ||    12
 Stab: Sleeping          |       |     6 |     3 ||     9
  Eat: Chunk             |    15 |    19 |    12 ||    46
